 Dungeon Crawl Stone Soup version 0.29.1-1-gd02db6906a (webtiles) character file.

Game seed: 16688324068702844383

392 firemarshallily the Covert (level 6, 0/47 HPs)
             Began as a Gnoll Wanderer on Oct 20, 2022.
             Was a Believer of Fedhas.
             Slain by a gnoll
             ... wielding a +0 spear
              (7 damage)
             ... on level 5 of the Dungeon.
             The game lasted 00:11:46 (5386 turns).

firemarshallily the Covert (Gnoll Wanderer)         Turns: 5386, Time: 00:11:47

Health: 0/47       AC:  7    Str: 16    XL:     6   Next: 81%
Magic:  9/9        EV: 12    Int: 11    God:    Fedhas [**....]
Gold:   229        SH:  0    Dex: 15    Spells: 9/9 levels left

rFire   x . .      SeeInvis .   z - +1 short sword (freeze)
rCold   + . .      Faith    +   (no shield)
rNeg    . . .      Spirit   .   x - +0 leather armour
rPois   .          Reflect  .   o - +0 helmet
rElec   .          Harm     .   (no cloak)
rCorr   .          Rampage  .   m - +2 pair of gloves
Will    .....                   (no boots)
Stlth   ++++......              q - amulet of faith
HPRegen 0.15/turn               p - ring of ice
MPRegen 0.11/turn               n - +6 ring of strength

@: hasted, very quick
A: fangs 1, strong nose, distributed training
a: Renounce Religion, Wall of Briars


You were on level 5 of the Dungeon.
You worshipped Fedhas.
Fedhas was pleased with you.
You visited 1 branch of the dungeon, and saw 5 of its levels.

You collected 229 gold pieces.

Inventory:

Hand Weapons
 a - a +0 dagger
 d - a +0 quarterstaff
 z - a +1 short sword of freezing (weapon)
Missiles
 b - an atropa-tipped dart (quivered)
 c - a datura-tipped dart
 u - 20 stones
Armour
 g - a +0 robe
 l - a +2 buckler
 m - a +2 pair of gloves (worn)
 o - a +0 helmet (worn)
 x - a +0 leather armour (worn)
Jewellery
 n - a +6 ring of strength (right hand)
 p - a ring of ice (left hand)
 q - an amulet of faith (around neck)
 r - a ring of see invisible
Wands
 e - a wand of polymorph (6)
 h - a wand of digging (7)
 s - a wand of flame (21)
 D - a wand of charming (5)
Scrolls
 i - 2 scrolls of silence
 j - a scroll of summoning {unknown}
 t - 3 scrolls of fear {unknown}
 y - 2 scrolls of poison {unknown}
 A - a scroll of enchant weapon
Potions
 f - a potion of haste
 v - a potion of brilliance {unknown}
 w - a potion of lignification {unknown}
 B - a potion of heal wounds {unknown}
 C - a potion of flight


   Skills:
 + Level 3.4 Fighting
 + Level 2.2 Short Blades
 + Level 2.2 Long Blades
 + Level 2.2 Axes
 + Level 2.2 Maces & Flails
 + Level 2.2 Polearms
 + Level 5.1 Staves
 + Level 2.2 Ranged Weapons
 + Level 2.2 Throwing
 + Level 3.4 Armour
 + Level 2.2 Dodging
 + Level 8.1 Stealth
 + Level 2.2 Shields
 + Level 2.2 Unarmed Combat
 + Level 2.2 Spellcasting
 + Level 1.7 Conjurations
 + Level 1.7 Hexes
 + Level 1.7 Summonings
 + Level 1.7 Necromancy
 + Level 1.7 Translocations
 + Level 1.7 Transmutations
 + Level 1.7 Fire Magic
 + Level 1.7 Ice Magic
 + Level 1.7 Air Magic
 + Level 1.7 Earth Magic
 + Level 1.7 Poison Magic
 + Level 2.4 Invocations
 + Level 5.1 Evocations


You had 9 spell levels left.
You didn't know any spells.
Your spell library contained the following spells:

 Spells                   Type           Power      Damage    Failure   Level
 Gell's Gravitas          Tloc           5%         N/A       45%         3
 Portal Projectile        Hex/Tloc       10%        N/A       45%         3
 Teleport Other           Tloc           5%         N/A       45%         3
 Tukima's Dance           Hex            5%         N/A       45%         3
 Blade Hands              Tmut           2%         N/A       99%         5
 Dispersal                Tloc           2%         N/A       100%        6


Dungeon Overview and Level Annotations

Branches:
Dungeon (6/15)             Temple (0/1) D:5

Altars:
Fedhas
Kikubaaqudgha

Annotations:
D:2 Sigmund


Innate Abilities, Weirdness & Mutations

You have very sharp teeth.
Your uncanny sense of smell can sniff out nearby items.
Your experience applies equally to all skills.


Message History

The gnoll is severely wounded.
The gnoll hits you with a +0 flail.
You barely miss the gnoll. Your bite misses the gnoll.
The gnoll is severely wounded.
The gnoll hits you with a +0 spear. The gnoll barely misses you.
You barely miss the gnoll. You bite the gnoll, but do no damage.
The gnoll hits you but does no damage. x2
You barely miss the gnoll. The gnoll hits you with a +0 spear.
The gnoll closely misses you.
The gnoll shouts!
You hit the gnoll. You freeze the gnoll.
You kill the gnoll!
Fedhas appreciates your contribution to the ecosystem.
The gnoll hits you but does no damage. The gnoll misses you.
You barely miss the gnoll. The gnoll hits you with a +0 spear.
The gnoll closely misses you.
You hit the gnoll. You freeze the gnoll.
The gnoll is moderately wounded.
The gnoll closely misses you. The gnoll hits you with a +0 spear.
You closely miss the gnoll.
The gnoll is moderately wounded.
The gnoll hits you with a +0 spear. The gnoll barely misses you.
You barely miss the gnoll.
The gnoll is moderately wounded.
The gnoll hits you from afar with a +0 halberd.
The gnoll hits you but does no damage.
You hit the gnoll. You freeze the gnoll.
The gnoll is severely wounded.
The gnoll hits you with a +0 spear.
The gnoll hits you from afar with a +0 halberd!
* * * LOW HITPOINT WARNING * * *
You hit the gnoll but do no damage. Your bite misses the gnoll.
The gnoll is severely wounded.
The gnoll hits you with a +0 spear.
* * * LOW HITPOINT WARNING * * *
The gnoll completely misses you.
You feel yourself speed up. The gnoll hits you but does no damage.
The gnoll hits you with a +0 spear!
You die...
Fedhas appreciates your contribution to the ecosystem.

...###.##....###...#...#...#
..Y###.##....# #############
.............######
..#....##.#.......#
..#..#.##....####.#
................#.#
.##.##.##..####g#.# .# .##
#...##..g.###### ... .
...#....#@.......
....#.......##...)######
.........## ##.#.# .........
#.#.# #..# #.#.# #.#.#
####.#.### ....>.....#
#####.###.##


You could see 2 gnolls.

Vanquished Creatures
  An ice beast (D:5)
  An ogre (D:5)
  An orc priest (D:5)
  Ijyb (D:3)
  An orc wizard (D:5)
  Robin (D:3)
  A gnoll (D:5)
  3 adders
  A worm (D:3)
  2 dart slugs (D:1)
  4 orcs (D:5)
  7 ball pythons
  4 bats
  6 endoplasms
  4 giant cockroaches
  12 goblins
  12 hobgoblins
  4 jackals (D:2)
  2 kobolds
  2 quokkas (D:2)
  4 frilled lizards
  A rat (D:1)
75 creatures vanquished.

Vanquished Creatures (others)
  12 plants (D:2)
12 creatures vanquished.

Grand Total: 87 creatures vanquished

Notes
Turn   | Place    | Note
-------+----------+-------------------------------------------
     0 | D:1      | firemarshallily the Gnoll Wanderer began the quest for the
                  | Orb.
     0 | D:1      | firemarshallily set off with the following items: a +0
                  | dagger, an atropa-tipped dart, a datura-tipped dart, a +0
                  | quarterstaff, a wand of polymorph (6), a potion of haste, a
                  | +0 robe.
     0 | D:1      | Reached XP level 1. HP: 17/17 MP: 1/1
   304 | D:1      | Reached XP level 2. HP: 23/23 MP: 2/2
  1554 | D:2      | Reached XP level 3. HP: 16/28 MP: 3/3
  1684 | D:2      | Noticed Sigmund
  1768 | D:2      | Reached skill level 1 in Invocations
  2314 | D:2      | Reached skill level 1 in Short Blades
  2314 | D:2      | Reached skill level 1 in Long Blades
  2314 | D:2      | Reached skill level 1 in Axes
  2314 | D:2      | Reached skill level 1 in Maces & Flails
  2314 | D:2      | Reached skill level 1 in Polearms
  2314 | D:2      | Reached skill level 1 in Ranged Weapons
  2314 | D:2      | Reached skill level 1 in Throwing
  2314 | D:2      | Reached skill level 1 in Dodging
  2314 | D:2      | Reached skill level 1 in Shields
  2314 | D:2      | Reached skill level 1 in Unarmed Combat
  2314 | D:2      | Reached skill level 1 in Spellcasting
  2997 | D:2      | Found a faded altar of an unknown god.
  3007 | D:2      | Reached XP level 4. HP: 33/34 MP: 5/5
  3023 | D:2      | Prayed at the altar of an unknown god.
  3023 | D:2      | Became a worshipper of Fedhas Madash
  3023 | D:2      | Reached * piety under Fedhas
  3451 | D:3      | Found an ancient bone altar of Kikubaaqudgha.
  3556 | D:3      | Reached skill level 1 in Conjurations
  3556 | D:3      | Reached skill level 1 in Hexes
  3556 | D:3      | Reached skill level 1 in Summonings
  3556 | D:3      | Reached skill level 1 in Necromancy
  3556 | D:3      | Reached skill level 1 in Translocations
  3556 | D:3      | Reached skill level 1 in Transmutations
  3556 | D:3      | Reached skill level 1 in Fire Magic
  3556 | D:3      | Reached skill level 1 in Ice Magic
  3556 | D:3      | Reached skill level 1 in Air Magic
  3556 | D:3      | Reached skill level 1 in Earth Magic
  3556 | D:3      | Reached skill level 1 in Poison Magic
  3577 | D:3      | Noticed Robin
  3677 | D:3      | Killed Robin
  3685 | D:3      | Reached ** piety under Fedhas
  4112 | D:3      | Noticed Ijyb
  4144 | D:3      | Killed Ijyb
  4145 | D:3      | Reached XP level 5. HP: 5/40 MP: 7/7
  4451 | D:3      | You fall into a shaft and drop 3 floors!
  4470 | D:6      | Noticed an ice beast
  4547 | D:5      | Entered Level 5 of the Dungeon
  4652 | D:5      | Noticed an ogre
  4662 | D:5      | Killed an ogre
  4663 | D:5      | Reached skill level 8 in Stealth
  4663 | D:5      | Reached XP level 6. HP: 47/47 MP: 8/8
  4684 | D:5      | Noticed an ice beast
  4702 | D:5      | Reached skill level 5 in Staves
  4702 | D:5      | Reached skill level 5 in Evocations
  4899 | D:5      | Found a staircase to the Ecumenical Temple.
  5072 | D:5      | HP: 2/47 [ice beast (5)]
  5073 | D:5      | Killed an ice beast
  5322 | D:5      | Noticed a water moccasin
  5356 | D:5      | Noticed a hornet
  5386 | D:5      | Slain by a gnoll

Illustrated notes

Levels and vault maps discovered:
D:1:      minmay_arrival_loop, layout_basic
D:2:      layout_basic, dilly_ecumenical_altar_fadedgnrine,
          kennysheep_generic_room_12, uniq_sigmund
D:3:      layout_basic, mainiacjoe_overflow_paths, uniq_ijyb, uniq_robin
D:5:      layout_loops_ring, minmay_temple_entry_nine_rooms,
          grunt_ministairs_15, hangedman_abyss_or_decor_lesser_grid,
          patterned_corridor, uniq_edmund
D:6:      layout_basic

Skill      XL: |  1  2  3  4  5  6 |
---------------+-------------------+-----
Invocations    | 1 2 |  2.4
Short Blades   | 1 2 |  2.2
Long Blades    | 1 2 |  2.2
Axes           | 1 2 |  2.2
Maces & Flails | 1 2 |  2.2
Polearms       | 1 2 |  2.2
Ranged Weapons | 1 2 |  2.2
Throwing       | 1 2 |  2.2
Dodging        | 1 2 |  2.2
Shields        | 1 2 |  2.2
Unarmed Combat | 1 2 |  2.2
Spellcasting   | 1 2 |  2.2
Conjurations   | 1 |  1.7
Hexes          | 1 |  1.7
Summonings     | 1 |  1.7
Necromancy     | 1 |  1.7
Translocations | 1 |  1.7
Transmutations | 1 |  1.7
Fire Magic     | 1 |  1.7
Ice Magic      | 1 |  1.7
Air Magic      | 1 |  1.7
Earth Magic    | 1 |  1.7
Poison Magic   | 1 |  1.7
Fighting       | 3 |  3.4
Armour         | 3 |  3.4
Stealth        | 8 |  8.1
Staves         | 5 |  5.1
Evocations     | 5 |  5.1

Action                   |  1- 3 |  4- 6 || total
-------------------------+-------+-------++-------
Melee: Dagger            |   169 |    49 ||   218
       Bite              |    20 |    26 ||    46
       Punch             |     2 |     3 ||     5
       Short sword       |       |   195 ||   195
Throw: Dart              |       |     2 ||     2
       Stone             |       |     2 ||     2
Evoke: Wand              |       |     2 ||     2
  Use: Potion            |       |     7 ||     7
       Scroll            |       |     6 ||     6
 Stab: Sleeping          |    12 |     4 ||    16
       Invisible         |       |     1 ||     1
Armor: Robe              |    37 |       ||    37
       Leather armour    |     3 |    78 ||    81
Dodge: Dodged            |    97 |   147 ||   244
